Map: Disco Bloodbath LE

Players

SortOf

  • Race: Zerg Zerg
  • League: Master
  • Spawn Location: 9:00

Harstem - Winner!

  • Race: Protoss Protoss
  • League: Grandmaster
  • Spawn Location: 3:00

Event: HomeStory Cup XX

VOD

Have the link to the VOD?

Description

Time

  • Played on: Nov. 21, 2019, 12:08 p.m.
  • Length: 14:37

All games in this series

Show
View Real Time Build Order
Export as new Build Order

SortOf Zerg 

Build Orders: Hatch First 

Get SALT Encoding   

  12  0:00  Drone  
  13  0:12  Overlord  
  13  0:17  Drone  
  14  0:31  Drone x2  
  16  0:47  Hatchery  
  15  0:51  Drone  
  15  0:54  Drone  
  17  0:58  Drone  
  18  1:09  Extractor  
  17  1:12  Spawning Pool  
  17  1:16  Drone  
  17  1:19  Drone  
  18  1:28  Drone  
  19  1:38  Drone  
  20  1:55  Overlord  
  20  1:59  Queen x2  
  24  2:02  Zergling x4  
  26  2:12  Drone x2  
  28  2:21  Drone  
  29  2:29  Drone  
  30  2:35  Hatchery  
  29  2:41  Drone  
  29  2:43  Zergling x2  
  31  2:44  Overlord  
  31  2:49  Drone  
  32  2:53  Metabolic Boost  
  32  2:55  Queen  
  34  2:59  Drone  
  34  3:02  Drone  
  36  3:10  Drone  
  36  3:12  Drone x2  
  39  3:13  Drone x2  
  39  3:17  Overlord  
  41  3:21  Drone  
  42  3:27  Queen  
  42  3:30  Spore Crawler  
  42  3:31  Drone  
  44  3:36  Drone  
  44  3:37  Drone  
  44  3:39  Spore Crawler  
  45  3:44  Drone  
  45  3:45  Drone  
  45  3:46  Drone x2  
  49  3:49  Drone  
  49  3:51  Queen  
  52  4:01  Drone x4  
  55  4:03  Spore Crawler  
  55  4:08  Overlord  
  55  4:09  Drone  
  55  4:11  Overlord  
  55  4:14  Overlord  
  55  4:16  Drone  
  56  4:19  Overlord  
  56  4:21  Overlord  
  56  4:28  Spore Crawler  
  56  4:29  Drone x3  
  58  4:34  Drone x3  
  58  4:37  Queen  
  63  4:41  Drone  
  63  4:42  Drone x2  
  66  4:46  Roach Warren  
  66  4:47  Drone x2  
  66  4:51  Drone x2  
  65  4:53  Drone x2  
  65  4:55  Drone  
  65  4:56  Drone  
  69  5:00  Drone x2  
  69  5:01  Drone  
  69  5:03  Lair  
  69  5:06  Extractor, Drone  
  73  5:07  Drone  
  73  5:10  Drone x2  
  73  5:11  Extractor  
  73  5:13  Drone x3  
  77  5:18  Extractor x2  
  77  5:19  Drone x4  
  79  5:21  Overlord  
  78  5:29  Roach x5  
  78  5:34  Extractor  
  87  5:37  Overlord  
  87  5:41  Roach x5  
  97  5:48  Hatchery, Zergling x2  
  96  5:52  Ravager  
  96  5:53  Overlord  
  97  6:00  Drone x2  
  97  6:02  Drone x3  
  102  6:05  Drone x2  
  102  6:06  Evolution Chamber x2  
  102  6:07  Overseer  
  102  6:08  Baneling Nest  
  102  6:09  Ravager x2  
  102  6:10  Overseer  
  104  6:11  Zergling x4  
  105  6:19  Zergling x12  
  105  6:23  Roach  
  105  6:24  Overlord  
  105  6:25  Glial Reconstitution  
  113  6:34  Overlord  
  113  6:37  Zerg Melee Weapons Level 1  
  113  6:41  Overlord x2  
  113  6:47  Roach x4  
  113  6:51  Centrifical Hooks  
  113  6:54  Roach x4  
  129  6:57  Overlord  
  129  7:03  Roach x6  
  129  7:06  Zergling x4  
  142  7:16  Zergling x20  
  142  7:18  Overlord  
  152  7:24  Overlord  
  152  7:30  Overlord  
  152  7:31  Overseer  
  152  7:33  Spore Crawler  
  151  7:37  Drone x9  
  151  7:42  Baneling x9  
  151  7:43  Baneling x5  
  160  7:56  Drone x2  
  162  8:02  Infestation Pit, Overlord x3  
  162  8:03  Extractor  
  162  8:04  Drone x2  
  162  8:05  Drone  
  163  8:07  Drone x8  
  163  8:10  Zerg Ground Armor Level 1  
  171  8:16  Spore Crawler  
  171  8:17  Drone x4  
  174  8:21  Ravager x4  
  174  8:23  Zergling x12  
  184  8:32  Zerg Melee Weapons Level 2  
  184  8:36  Zergling x16  
  184  8:37  Overlord  
  192  8:44  Hatchery  
  192  8:46  Extractor  
  190  8:51  Baneling x22  
  190  8:59  Hive  
  190  9:02  Spire  
  189  9:03  Zergling x10  
  189  9:07  Baneling  
  189  9:08  Baneling x9  
  194  9:21  Zergling x12  
  195  9:32  Zergling x10  
  192  9:40  Zergling x18  
  196  9:47  Spore Crawler  
  196  9:52  Zergling x12  
  196  10:04  Zergling x10  
  191  10:13  Zergling x14  
  166  10:18  Zergling x6  
  166  10:20  Queen  
  166  10:21  Queen  
  151  10:24  Zerg Ground Armor Level 2, Greater Spire  
  151  10:26  Corruptor x4  
  143  10:36  Queen  
  143  10:38  Drone x4  
  147  10:46  Hatchery  
  141  10:51  Hatchery  
  141  10:52  Zergling x8  
  141  10:55  Zergling x2  
  137  11:04  Extractor  
  137  11:05  Zergling x6  
  136  11:14  Zergling x6  
  136  11:16  Corruptor  
  141  11:20  Zerg Melee Weapons Level 3, Spire  
  140  11:27  Drone x3  
  140  11:32  Extractor  
  142  11:34  Zergling x14  
  142  11:35  Extractor  
  148  11:41  Zergling x4  
  148  11:47  Drone x2  
  148  11:53  Brood Lord x5  
  158  11:56  Corruptor x2  
  158  11:57  Hatchery  
  161  12:06  Drone x6  
  167  12:12  Zergling x4  
  169  12:16  Corruptor x2  
  169  12:19  Corruptor x2  
  169  12:21  Overlord  
  175  12:27  Overlord  
  175  12:28  Corruptor x2  
  178  12:35  Corruptor  
  175  12:44  Corruptor  
  161  12:46  Drone x8  
  161  12:49  Drone x4  
  163  12:58  Adrenal Glands  
  163  12:59  Drone  
  163  13:00  Drone x7  
  163  13:05  Zergling x4  
  170  13:07  Corruptor  
  167  13:15  Corruptor x2  
  171  13:20  Queen  
  171  13:25  Corruptor  
  175  13:31  Zergling x14  
  175  13:33  Overseer x2, Baneling x2  
  182  13:38  Overlord  
  182  13:45  Zergling x14  
  189  13:49  Corruptor  
  189  13:56  Corruptor  
  189  13:57  Corruptor x2  
  189  13:59  Overseer  
Show
View Real Time Build Order
Export as new Build Order

Harstem Protoss - Winner!

Build Orders: 1 Gate Expand, Oracle Opening, Archon Immortal, Carriers 

Get SALT Encoding   

  12  0:00  Probe  
  13  0:12  Probe  
  14  0:17  Pylon  
  14  0:24  Probe  
  14  0:27  Assimilator  
  15  0:32  Probe  
  15  0:40  Probe  
  16  0:47  Gateway  
  17  0:51  Probe  
  18  1:03  Probe  
  19  1:15  Probe  
  20  1:23  Nexus  
  20  1:33  Cybernetics Core  
  20  1:35  Probe  
  21  1:40  Assimilator  
  21  1:47  Probe  
  21  1:50  Pylon  
  22  1:59  Probe  
  22  2:00  Adept  
  23  2:11  Probe  
  23  2:13  Stargate  
  26  2:20  Stalker, Warp Gate  
  26  2:23  Probe  
  27  2:31  Probe  
  27  2:35  Probe  
  31  2:40  Probe  
  32  2:47  Probe  
  32  2:50  Probe  
  33  2:56  Oracle  
  37  2:59  Probe  
  37  3:02  Probe  
  39  3:11  Probe  
  39  3:12  Probe  
  40  3:17  Robotics Facility  
  40  3:19  Pylon  
  41  3:20  Probe  
  41  3:24  Probe  
  43  3:28  Probe  
  44  3:36  Probe  
  44  3:40  Probe  
  49  3:41  Oracle  
  49  3:44  Nexus  
  49  3:46  Pylon  
  49  3:51  Probe  
  49  3:52  Probe  
  51  4:00  Observer  
  51  4:03  Probe  
  51  4:04  Probe  
  51  4:05  Gateway  
  51  4:08  Assimilator  
  54  4:12  Assimilator  
  54  4:14  Gateway  
  54  4:16  Probe x2  
  56  4:22  Immortal  
  56  4:28  Probe x2  
  56  4:29  Pylon  
  62  4:40  Pylon  
  62  4:45  Pylon  
  62  4:47  Probe x2  
  62  4:51  Sentry  
  66  4:53  Probe  
  66  4:55  Forge  
  66  4:58  Twilight Council  
  66  4:59  Sentry, Probe x2  
  71  5:01  Probe  
  71  5:05  Immortal  
  76  5:11  Probe x2, Zealot, Protoss Ground Weapons Level 1  
  76  5:12  Probe  
  81  5:20  Gateway  
  81  5:23  Probe  
  81  5:25  Gateway  
  81  5:26  Gateway  
  81  5:28  Probe  
  83  5:29  Probe  
  83  5:33  Charge  
  83  5:35  Probe  
  86  5:45  Gateway  
  86  5:46  Gateway  
  85  5:51  Templar Archives  
  85  5:52  Probe  
  85  5:54  Gateway  
  85  5:56  Probe  
  87  5:59  Pylon  
  87  6:00  Assimilator  
  87  6:02  Probe, Phoenix  
  87  6:03  Assimilator  
  88  6:04  Pylon, Probe  
  88  6:06  Zealot  
  88  6:08  Probe  
  94  6:16  Warp Prism, Probe  
  94  6:17  Photon Cannon  
  95  6:19  Pylon  
  95  6:23  Zealot x2  
  99  6:31  High Templar x2  
  105  6:37  Archon  
  105  6:40  High Templar x2  
  105  6:41  Warp Prism  
  105  6:45  Archon  
  105  6:46  Pylon  
  110  6:53  Zealot x5  
  122  6:57  Pylon  
  121  7:06  Protoss Ground Weapons Level 2  
  121  7:09  High Templar x2, Nexus  
  121  7:14  Zealot x3  
  121  7:15  Archon  
  130  7:17  High Templar x2  
  130  7:18  Pylon  
  134  7:24  Probe  
  134  7:27  Immortal  
  135  7:30  Pylon  
  135  7:32  Zealot x2  
  143  7:38  Psionic Storm  
  143  7:42  Pylon  
  143  7:45  Probe  
  143  7:49  Probe  
  145  7:56  Probe  
  145  7:58  Assimilator  
  146  8:01  Photon Cannon  
  146  8:02  Assimilator  
  146  8:03  Photon Cannon  
  146  8:04  High Templar  
  146  8:05  High Templar  
  150  8:10  Probe  
  150  8:11  Photon Cannon  
  150  8:12  Probe  
  152  8:14  Photon Cannon  
  152  8:16  Shield Battery, High Templar  
  152  8:17  Shield Battery  
  154  8:25  Probe  
  155  8:27  Immortal  
  155  8:28  Pylon  
  155  8:31  Probe x2  
  155  8:33  Probe  
  162  8:37  High Templar x2, Zealot, Photon Cannon  
  168  8:47  Archon  
  168  8:48  Zealot x5  
  176  8:58  Fleet Beacon  
  176  9:02  Stargate  
  176  9:06  Protoss Air Weapons Level 1  
  176  9:08  Probe  
  177  9:20  Zealot x5  
  177  9:22  Probe  
  188  9:26  Pylon  
  188  9:28  Pylon  
  188  9:36  Carrier  
  184  9:40  Probe  
  184  9:42  Pylon  
  171  9:45  Stargate  
  171  9:46  Zealot x2  
  171  9:47  Zealot x2  
  171  9:49  Carrier  
  189  10:06  Zealot x5  
  159  10:14  Mothership  
  159  10:18  Probe  
  159  10:19  Carrier  
  147  10:22  High Templar  
  147  10:23  High Templar x3  
  150  10:32  Zealot x5  
  160  10:43  Carrier  
  160  10:52  Zealot x5  
  160  10:56  Protoss Ground Weapons Level 3  
  162  11:03  Carrier  
  165  11:07  High Templar x2, Zealot x2  
  169  11:12  Archon  
  169  11:15  Carrier  
  163  11:19  Protoss Air Weapons Level 2  
  163  11:22  Zealot x4  
  177  11:37  Zealot x3  
  183  11:42  Void Ray  
  177  11:51  High Templar x2  
  183  11:58  Archon  
  183  12:10  Nexus  
  183  12:11  Pylon  
  183  12:13  Assimilator x2  
  183  12:14  Carrier  
  189  12:16  Carrier  
  189  12:19  High Templar  
  189  12:20  High Templar  
  181  12:24  Zealot x4  
  193  12:33  Zealot x3  
  195  12:38  Carrier  
  195  12:40  Probe  
  185  12:45  Photon Cannon  
  190  12:51  Probe  
  190  12:55  Probe x2  
  191  12:58  Probe  
  191  13:00  Probe  
  193  13:06  High Templar x2  
  193  13:11  Carrier  
  193  13:12  Archon  
  189  13:22  Photon Cannon  
  189  13:23  High Templar x2  
  189  13:25  Photon Cannon  
  199  13:27  Archon  
  199  13:29  Photon Cannon  
  199  13:31  Photon Cannon  
  199  13:33  Photon Cannon  
  199  13:38  Void Ray  
  187  14:32  Zealot x8  
Tags
 
Add a new tag
Caveats
  • Supply blocks, unpowered buildings, or Contaminate may cause inaccurate times.
  • Supply counts are checked every 10 seconds.